 Dungeon Crawl Stone Soup version 0.18.1-1-g2f07953 (webtiles) character file.

6421 EveningNews the Basher (level 10, -6/75 HPs)
             Began as a Gargoyle Berserker on May 7, 2016.
             Was a High Priest of Trog.
             Mangled by Maud
             ... wielding a +5 halberd
              (19 damage)
             ... on level 10 of the Dungeon.
             The game lasted 00:34:10 (11215 turns).

EveningNews the Basher (Gargoyle Berserker)        Turns: 11215, Time: 00:34:10

Health: -6/75      AC: 32    Str: 27    XL:     10   Next: 98%
Magic:  3/3        EV:  9    Int:  7    God:    Trog [*****.]
Gold:   347        SH:  0    Dex: 12    Spells: 0 memorised, 9 levels left

rFire  + + .     SeeInvis .     W - +2 great mace (antimagic)
rCold  . . .     Gourm    .     B - +3 chain mail {rN+}
rNeg   + + .     Faith    .     (shield currently unavailable)
rPois  ∞         Spirit   .     R - +1 helmet
rElec  +         Dismiss  .     F - +2 cloak
rCorr  .         Reflect  .     T - +2 pair of gloves
SustAt .         Harm     .     M - +0 pair of boots
MR     .....                    (no amulet)
Stlth  ..........               (no ring)
                                (no ring)

@: berserking (expiring), very quick, not resistant to hostile enchantments,
extremely unstealthy
A: fire resistance 2, frail 1, negative energy resistance 1, electricity
resistance, wild magic 1, unbreathing, petrification resistance, rot immunity,
AC +7
a: Berserk, Trog's Hand, Brothers in Arms, Burn Spellbooks, Renounce Religion


You were on level 10 of the Dungeon.
You worshipped Trog.
Trog was extremely pleased with you.
You were hungry.

You visited 1 branch of the dungeon, and saw 10 of its levels.

You collected 459 gold pieces.
You spent 112 gold pieces at shops.

Inventory:

Hand Weapons
 a - a +0 mace
 j - a +3 mace
 W - a +2 antimagic great mace (weapon)
Missiles
 m - 97 sling bullets
 n - 182 arrows
 o - 70 bolts
 s - 3 steel javelins (quivered)
Armour
 B - a +3 chain mail of positive energy (worn)
 F - a +2 cloak (worn)
 M - a +0 pair of boots (worn)
 O - a +0 leather armour of poison resistance
 R - a +1 helmet (worn)
 T - a +2 pair of gloves (worn)
 U - a +0 plate armour
Jewellery
 d - an uncursed ring of see invisible {unknown}
 z - an uncursed ring of protection from cold {unknown}
 G - an uncursed amulet of dismissal {unknown}
 Q - a +5 ring of strength {unknown}
 Z - a +2 ring of strength {unknown}
Wands
 k - a wand of polymorph (5/24)
 C - a wand of acid (11/15)
 N - a wand of acid (7/15)
 S - a wand of disintegration (3/24)
 V - a wand of digging (8/24)
Scrolls
 g - 4 scrolls of remove curse {unknown}
 i - 2 scrolls of teleportation {unknown}
 p - 4 scrolls of noise {unknown}
 q - a scroll of enchant armour {unknown}
 u - 3 scrolls of recharging {unknown}
 w - 5 scrolls of identify {unknown}
 y - 4 scrolls of fear {unknown}
 D - 4 scrolls of immolation {unknown}
 E - a scroll of random uselessness {unknown}
 I - a scroll of blinking {unknown}
 L - a scroll of amnesia {unknown}
 P - a scroll of acquirement {unknown}
Potions
 b - a potion of magic {unknown}
 e - 3 potions of curing
 f - a potion of cancellation {unknown}
 l - 3 potions of invisibility {unknown}
 r - a potion of ambrosia {unknown}
 t - 2 potions of degeneration {unknown}
 v - 2 potions of lignification {unknown}
 x - 2 potions of might
 A - 6 potions of flight {unknown}
 H - a potion of agility {unknown}
 J - a potion of mutation {unknown}
 X - a potion of berserk rage {unknown}
Comestibles
 c - 7 bread rations
 h - 4 meat rations
 K - 3 royal jellies


   Skills:
 - Level 3.2 Fighting
 + Level 13.2 Maces & Flails
 - Level 10.5 Armour
 - Level 1.5 Dodging


You had 9 spell levels left.
You didn't know any spells.

Dungeon Overview and Level Annotations

Branches:
Dungeon (10/15)            Temple (0/1) D:5            Lair (0/8) D:8
    Orc: D:9-12

Altars:
Ashenzari
Elyvilon
Fedhas
Gozag
Makhleb
Sif Muna
Trog
Vehumet

Shops:
D:4 [

Annotations:
D:9 exclusion: oklob plant
D:10 Maud


Innate Abilities, Weirdness & Mutations

You are resistant to torment.
Your stone body is resilient (AC +7).
You are immune to poison.
You resist negative energy.
You are resistant to electric shocks.
You can survive without breathing.
You are immune to petrification.
You are immune to rotting.
Your flesh is very heat resistant.
You are frail (-10% HP).
Your spells are a little harder to cast, but a little more powerful.


Message History

You hammer Maud like a gong!!!
Maud is heavily wounded.
Maud hits you with an enchanted halberd!
* * * LOW HITPOINT WARNING * * *
You closely miss Maud.
Maud is heavily wounded.
Your chain mail prevents you from hitting Maud.
Maud is heavily wounded.
Maud barely misses you.
You barely miss Maud.
Maud is heavily wounded.
You hit Maud but do no damage.
Maud is heavily wounded.
Maud hits you but does no damage.
You bludgeon Maud!!
Maud is almost dead.
You sock Maud!
Maud is almost dead.
Maud hits you with an enchanted halberd!!
You die...

#.# #####.## #......... ..# #.#
#.#...)..... ### #.#
#.#......... ##+## #.#....[....
##...## ##.#......... ##
##.....## #.....@...... .##
##.......## #..#.........
..####.........####............
...............'@@a....$.......
...............####...###.####.
.####.#.......## #.......#
....#.##.....## ####.####
###.#.###...## .# ......# ##+##
.# ###.### .# #.# .# #.#


You could see Maud and a worker ant.

Vanquished Creatures
  Pikel (D:8)
  A troll (D:10)
  Prince Ribbit (D:7)
  A spriggan (D:7)
  A wraith (D:10)
  6 yaks (D:9)
  Eustachio (D:4)
  A hungry ghost (D:9)
  A water moccasin (D:10)
  A slave (D:8)
  An ice beast (D:9)
  3 sky beasts
  A phantom (D:9)
  A black bear (D:7)
  An orc warrior (D:8)
  4 ogres
  2 centaurs
  2 big kobolds
  6 giant frogs
  A gnoll sergeant (D:5)
  A wyvern skeleton (D:9)
  2 scorpions
  11 killer bees (D:9)
  A wight (D:9)
  A howler monkey (D:5)
  A centaur zombie (D:5)
  A crimson imp (D:6)
  7 hounds
  Crazy Yiuf (D:7)
  5 orc priests
  3 giant frog skeletons
  2 gnoll shamans (D:5)
  3 iguanas
  2 orc wizards
  6 worker ants
  4 hound zombies
  2 hound skeletons
  42 gnolls
  11 adders
  2 shadow imps
  5 oozes (D:1)
  An adder skeleton (D:9)
  4 worms
  7 giant geckos
  21 orcs
  7 giant cockroaches
  12 goblins
  9 hobgoblins
  34 jackals
  A quokka (D:3)
  3 ball pythons
  11 bats
  6 giant newts
  A jackal zombie (D:7)
  16 kobolds
  A quokka skeleton (D:4)
  A quokka zombie (D:8)
  8 rats
293 creatures vanquished.

Notes
Turn   | Place    | Note
--------------------------------------------------------------
     0 | D:1      | EveningNews the Gargoyle Berserker began the quest for the Orb.
     0 | D:1      | Reached XP level 1. HP: 14/14 MP: 1/1
     1 | D:1      | Found a runed door.
    58 | D:1      | Reached XP level 2. HP: 16/19 MP: 2/2
   548 | D:1      | Reached skill level 4 in Maces & Flails
   748 | D:1      | Reached XP level 3. HP: 13/23 MP: 3/3
   906 | D:1      | Reached ** piety under Trog
   942 | D:1      | Reached XP level 4. HP: 24/28 MP: 4/4
   976 | D:1      | Reached skill level 5 in Maces & Flails
  1325 | D:2      | Found an opulent altar of Gozag.
  1394 | D:2      | Found a white marble altar of Elyvilon.
  1503 | D:2      | Reached *** piety under Trog
  1860 | D:2      | Reached XP level 5. HP: 32/32 MP: 5/5
  2047 | D:3      | Received a gift from Trog
  2081 | D:3      | Reached skill level 6 in Maces & Flails
  2764 | D:3      | Reached XP level 6. HP: 28/37 MP: 6/6
  2942 | D:4      | Found Tyunoem's Antique Armour Emporium.
  2948 | D:4      | Bought a runed chain mail for 112 gold pieces
  3104 | D:4      | Found a radiant altar of Vehumet.
  3666 | D:4      | Found a burning altar of Makhleb.
  3666 | D:4      | Found a deep blue altar of Sif Muna.
  3761 | D:4      | Noticed Eustachio
  3786 | D:4      | Killed Eustachio
  3786 | D:4      | Reached skill level 5 in Armour
  3786 | D:4      | Reached XP level 7. HP: 41/41 MP: 7/7
  3864 | D:4      | Reached **** piety under Trog
  3981 | D:4      | Found an opulent altar of Gozag.
  4061 | D:4      | HP: 2/61 [ogre/giant spiked club (8)]
  4462 | D:5      | Entered Level 5 of the Dungeon
  4741 | D:5      | Reached XP level 8. HP: 14/46 MP: 8/8
  5129 | D:5      | Found a staircase to the Ecumenical Temple.
  5139 | D:5      | Found a bloodstained altar of Trog.
  6748 | D:5      | Reached ***** piety under Trog
  6835 | D:5      | Reached skill level 10 in Armour
  7015 | D:5      | Reached XP level 9. HP: 42/51 MP: 9/9
  7118 | D:6      | Reached skill level 7 in Maces & Flails
  7547 | D:6      | Reached skill level 8 in Maces & Flails
  7910 | D:7      | Noticed Prince Ribbit
  7931 | D:7      | Killed Prince Ribbit
  8215 | D:7      | Reached skill level 9 in Maces & Flails
  8302 | D:7      | Noticed Crazy Yiuf
  8310 | D:7      | Killed Crazy Yiuf
  8780 | D:8      | Gained mutation: You are frail (-10% HP). [mutagenic meat]
  8781 | D:8      | Gained mutation: Your spells are a little harder to cast, but a little more powerful. [mutagenic meat]
  8782 | D:8      | Gained mutation: Your flesh is heat resistant. [mutagenic meat]
  8783 | D:8      | Gained mutation: Your flesh is very heat resistant. [mutagenic meat]
  8858 | D:8      | Found a staircase to the Lair.
  9163 | D:8      | Received a gift from Trog
  9175 | D:8      | Reached skill level 10 in Maces & Flails
  9350 | D:8      | Noticed Pikel
  9361 | D:8      | Killed Pikel
  9361 | D:8      | Reached XP level 10. HP: 46/50 MP: 3/10
  9406 | D:8      | Reached skill level 11 in Maces & Flails
  9757 | D:9      | Found a blossoming altar of Fedhas.
  9780 | D:9      | Noticed an oklob plant
  9831 | D:9      | Found a shattered altar of Ashenzari.
  9865 | D:9      | Reached skill level 12 in Maces & Flails
 10868 | D:10     | Entered Level 10 of the Dungeon
 11183 | D:10     | Noticed Maud
 11192 | D:10     | Reached skill level 13 in Maces & Flails
 11215 | D:10     | Mangled by Maud

Skill      XL: |  1  2  3  4  5  6  7  8  9 10 |
---------------+-------------------------------+-----
Maces & Flails | 4 5 6 10 13 | 13.2
Armour         | 5 7 10 | 10.5
Fighting       | |  3.2
Dodging        | |  1.5

Action                   |  1- 3 |  4- 6 |  7- 9 | 10-12 || total
-------------------------+-------+-------+-------+-------++-------
Melee: Mace              |    90 |   306 |   753 |       ||  1149
       Great mace        |       |       |    48 |   264 ||   312
Throw: Javelin           |       |     5 |       |       ||     5
Invok: Berserk           |     1 |     1 |     8 |     3 ||    13
       Burn Spellbooks   |       |       |       |     1 ||     1
  Use: Potion            |       |       |     3 |     2 ||     5
  Eat: Chunk             |       |    10 |    31 |     2 ||    43
       Fruit             |       |       |     2 |     1 ||     3
       Bread ration      |       |       |       |     2 ||     2
       Meat ration       |       |       |       |     1 ||     1
Armor: Animal skin       |    15 |       |       |       ||    15
       Scale mail        |    33 |    66 |       |       ||    99
       Chain mail        |       |   186 |   729 |   195 ||  1110
Dodge: Dodged            |    77 |   160 |   466 |   132 ||   835
